 Dungeon Crawl Stone Soup version 0.19.4-8-ga85b6b9 (console) character file.

52 Grinner the Insei (level 3, -1/17 HPs)
             Began as a Spriggan Transmuter on Feb 13, 2017.
             Slain by an adder (2 damage)
             ... on level 3 of the Dungeon.
             The game lasted 00:04:18 (2196 turns).

Grinner the Insei (Spriggan Transmuter)             Turns: 2196, Time: 00:04:18

Health: -1/17      AC:  2    Str:  7    XL:     3   Next: 60%
Magic:  6/7        EV: 18    Int: 14    God:
Gold:   77         SH:  0    Dex: 14    Spells: 1 memorised, 6 levels left

rFire  . . .     SeeInvis +       - Unarmed
rCold  . . .     Gourm    .     b - +0 robe
rNeg   . . .     Faith    .     (shield restricted)
rPois  .         Spirit   .     (helmet restricted)
rElec  .         Reflect  .     (no cloak)
rCorr  .         Harm     .     (gloves unavailable)
MR     .....                    (boots unavailable)
Stlth  +.........               (no amulet)
                                (no ring)
                                (no ring)

@: lethally poisoned (-1 -> -5), appendage (expiring), very slightly
contaminated, invisible, very quick
A: unfitting armour, horns 2, see invisible, clumsy 1, herbivore 3, speed 3, low
mp 1, slow metabolism 2
a: End Transformation


You were on level 3 of the Dungeon.
You were not hungry.
You had grown temporary horns.
You visited 1 branch of the dungeon, and saw 3 of its levels.

You collected 77 gold pieces.

Inventory:

Missiles
 a - 34 arrows
Armour
 b - a +0 robe (worn)
 i - a cursed +0 buckler
Scrolls
 e - a scroll of amnesia
 g - a scroll of blinking {unknown}
 j - 2 scrolls of magic mapping {unknown}
Books
 c - a book of Changes

   Spells                             Type                      Level
   a - Beastly Appendage              Transmutation                1
   b - Sticks to Snakes               Transmutation                2
   c - Spider Form                    Transmutation/Poison         3
   d - Ice Form                       Ice/Transmutation            4
   e - Blade Hands                    Transmutation                5
Comestibles
 d - 2 bread rations
 f - a slice of pizza


   Skills:
 - Level 0.7 Fighting
 - Level 3.0 Dodging
 + Level 3.8 Unarmed Combat
 - Level 2.6 Spellcasting
 - Level 2.6 Transmutations


You had 6 spell levels left.
You knew the following spells:

 Your Spells              Type           Power        Failure   Level  Hunger
z - Beastly Appendage     Tmut           #.....       10%         1    #......


Dungeon Overview and Level Annotations

Branches:
Dungeon (3/15)

Altars:


Innate Abilities, Weirdness & Mutations

You are very small and have problems with some larger weapons.
You are too small for most types of armour.
You have supernaturally acute eyesight. (SInv)
You are a herbivore.
You cover ground extremely quickly.
You need consume almost no food.
You have a pair of horns on your head.
You are clumsy. (Dex -2)
Your magical capacity is low. (-10% MP)


Message History

The adder poisons you!
It was a potion of invisibility.
You fade into invisibility!
* * * LOW HITPOINT WARNING * * *
You feel sick. The adder misses you. The adder barely misses you.
You are very lightly contaminated with residual magic.
You hit the adder but do no damage. Your headbutt misses the adder.
The adder is lightly wounded.
The adder closely misses you.
You hit the adder.
The adder is moderately wounded.
* * * LOW HITPOINT WARNING * * *
You feel sick. The adder misses you.
You hit the adder.
The adder is severely wounded.
The adder completely misses you.
You closely miss the adder. Your headbutt misses the adder.
The adder is severely wounded.
The adder bites you.
You die...

#################
#................
###...#...#...#...
#...............%.
#.#..)#...#...#...
##........@S.......
#..################
#.......#
..#####.......#
#.......)....##
#######.......#
#.........#
#.#.......#
##.##.....##


You could see an adder.

Vanquished Creatures
  5 dart slugs (D:1)
  A leopard gecko (D:1)
  A giant cockroach (D:1)
  8 goblins
  5 hobgoblins (D:1)
  5 kobolds
  A quokka (D:3)
  6 bats
  A frilled lizard (D:1)
  4 rats (D:1)
37 creatures vanquished.

Notes
Turn   | Place    | Note
-------+----------+-------------------------------------------
     0 | D:1      | Grinner the Spriggan Transmuter began the quest for the Orb.
     0 | D:1      | Reached XP level 1. HP: 9/9 MP: 5/5
   237 | D:1      | Reached XP level 2. HP: 2/14 MP: 4/6
  1444 | D:1      | Reached XP level 3. HP: 15/17 MP: 6/8
  1873 | D:2      | Gained mutation: Your magical capacity is low. (-10% MP) [potion of mutation]
  1873 | D:2      | Gained mutation: You are clumsy. (Dex -2) [potion of mutation]
  2196 | D:3      | Slain by an adder

Skill      XL: |  1  2 |
---------------+-------+-----
Unarmed Combat | 3 |  3.8
Fighting       | |  0.7
Dodging        | |  3.0
Spellcasting   | |  2.6
Transmutations | |  2.6

Action                   || total
-------------------------++-------
Melee: Unarmed           ||   140
       Kick              ||    20
       Headbutt          ||    10
       Punch             ||     2
 Cast: Beastly Appendage ||    27
  Use: Scroll            ||     4
       Potion            ||     2
 Stab: Sleeping          ||     2
Armor: Robe              ||    10
Dodge: Dodged            ||    98
